 Dungeon Crawl Stone Soup version 0.22-a0-307-g2b15929 (webtiles) character file.

78 grizmgrazm2 the Grave Robber (level 4, 0/32 HPs)
             Began as a Mummy Necromancer on Apr 1, 2018.
             Slain by a hobgoblin (3 damage)
             ... on level 3 of the Dungeon.
             The game lasted 00:05:34 (2013 turns).

grizmgrazm2 the Grave Robber (Mummy Necromancer)    Turns: 2013, Time: 00:05:35

Health: 0/32       AC:  6    Str: 11    XL:     4   Next: 15%
Magic:  8/9        EV: 10    Int: 15    God:
Gold:   144        SH:  0    Dex: 12    Spells: 2/10 levels left

rFire    x . .     SeeInvis .   g - -1 falchion (curse)
rCold    + . .     Gourm    .   (no shield)
rNeg     + + +     Faith    .   d - +0 ring mail
rPois    ∞         Spirit   .   b - +0 helmet
rElec    .         Reflect  .   (no cloak)
rCorr    .         Harm     .   (no gloves)
MR       .....                  (no boots)
Stlth    +.........             (no amulet)
HPRegen  0.10/turn              (no ring)
MPRegen  0.11/turn              (no ring)

@: no status effects
A: no food or potions, fire vulnerability, cold resistance 1, negative energy
resistance 3, torment resistance, unbreathing
a: no special abilities


You were on level 3 of the Dungeon.
You were not hungry.

You visited 1 branch of the dungeon, and saw 3 of its levels.

You collected 144 gold pieces.

Inventory:

Hand Weapons
 c - a +0 dagger
 g - a cursed -1 falchion (weapon)
Armour
 a - a +0 robe
 b - a +0 helmet (worn)
 d - a +0 ring mail (worn)
Scrolls
 e - 2 scrolls of identify


   Skills:
 + Level 1.6 Fighting
 - Level 1.5 Dodging
 - Level 1.5 Stealth
 + Level 3.5 Spellcasting
 * Level 5.0 Necromancy


You had 2 spell levels left.
You knew the following spells:

 Your Spells              Type           Power        Failure   Level  Hunger
a - Pain                  Necr           ###.         6%          1    N/A
b - Vampiric Draining     Necr           ###.......   17%         3    N/A
c - Animate Dead          Necr           N/A          50%         4    N/A

Dungeon Overview and Level Annotations

Branches:
Dungeon (3/15)

Altars:
Gozag
Kikubaaqudgha
Zin


Innate Abilities, Weirdness & Mutations

You do not eat or drink.
Your flesh is vulnerable to fire.
You are immune to poison.
Your flesh is cold resistant. (rC+)
You are immune to negative energy. (rN+++)
You are immune to unholy pain and torment.
You can survive without breathing.


Message History

The gnoll hits you but does no damage.
You hit the gnoll but do no damage. The gnoll barely misses you.
The gnoll hits you. The gnoll hits you but does no damage. The gnoll hits you.
As you read the scroll labeled CAOTHYWNEJOEF, it crumbles to dust.
It is a scroll of identify.
You don't have any unidentified items.
The gnoll closely misses you. The gnoll hits you but does no damage.
The gnoll hits you. The gnoll hits you with a halberd.
The gnoll hits you from afar with a halberd!
* * * LOW HITPOINT WARNING * * *
You can't drink.
Sorry, you're not good enough to have a special ability.
Unknown command.
A hobgoblin comes into view.
The hobgoblin shouts!
You hear a shout!
Found a stone staircase leading down.
Found a metallic silvery potion.
The hobgoblin hits you.
You die...

...# ...#
#.......... ..# #
#.........# ####.#
#.........# .....# #
#.........# ....##
#.#.........# #####
#.!.........# #
#.....g...# #
#..>.@....#########.
######
##.#####..#.<.......
gg)g.# #.#
#..#.######## ####g#
#.# #..#.# ####.###
#.# #gg#.# .....g.#
#.# #gg#.# ####.#.#
#.# #..#.# #.#.# #.#
#..#.# #.#.######.#
#..#.#


You could see a hobgoblin.

Vanquished Creatures
  3 adders (D:2)
  A worm (D:2)
  3 dart slugs
  2 leopard geckos
  An orc (D:3)
  4 giant cockroaches
  3 goblins
  2 hobgoblins (D:3)
  5 jackals
  4 kobolds
  A quokka (D:3)
  5 bats
  3 frilled lizards
  A rat (D:1)
38 creatures vanquished.

Notes
Turn   | Place    | Note
-------+----------+-------------------------------------------
     0 | D:1      | grizmgrazm2 the Mummy Necromancer began the quest for the Orb.
     0 | D:1      | Reached XP level 1. HP: 13/13 MP: 4/4
   366 | D:1      | Reached XP level 2. HP: 20/20 MP: 3/5
   755 | D:2      | Reached skill level 1 in Fighting
   787 | D:2      | Reached XP level 3. HP: 17/26 MP: 0/7
  1376 | D:2      | Reached XP level 4. HP: 27/32 MP: 4/9
  1402 | D:2      | Learned a level 3 spell: Vampiric Draining
  1407 | D:2      | Learned a level 4 spell: Animate Dead
  1628 | D:2      | Found a glowing silver altar of Zin.
  1629 | D:2      | Found an opulent altar of Gozag.
  1938 | D:3      | Reached skill level 5 in Necromancy
  1951 | D:3      | Found an ancient bone altar of Kikubaaqudgha.
  2013 | D:3      | Slain by a hobgoblin

Vault maps used:
D:1:      dpeg_arrival_three_same_balls
D:2:      grunt_temple_overflow_gold_and_silver
D:3:      old_standard_altar, uniq_sigmund

Skill      XL: |  1  2  3  4 |
---------------+-------------+-----
Spellcasting   | 3 |  3.5
Fighting       | 1 |  1.6
Necromancy     | 5 |  5.0
Dodging        | |  1.5
Stealth        | |  1.5

Action                   |  1- 3 |  4- 6 || total
-------------------------+-------+-------++-------
Melee: Dagger            |    62 |     1 ||    63
       Falchion          |       |    15 ||    15
 Cast: Pain              |    60 |     6 ||    66
       Vampiric Draining |       |     3 ||     3
  Use: Scroll            |       |     3 ||     3
Armor: Ring mail         |    37 |     8 ||    45
Dodge: Dodged            |    54 |    17 ||    71
       Rpst.: Falchion   |       |     4 ||     4

Table legend:
 A = Spawn XP
 B = Non-spawn XP
 C = Spawn XP percentage of total XP
 D = Spawn monster count
 E = Non-spawn monster count
 F = Spawn count percentage of total count
 G = Total turns spent on level
                    A         B        C        D         E        F      G
               +---------+---------+-------+---------+---------+-------+---------
         Total |       0 |     112 |   0.0 |       0 |      38 |   0.0 |  2013
               +---------+---------+-------+---------+---------+-------+---------
           D:1 |       0 |      30 |   0.0 |       0 |      16 |   0.0 |   747
           D:2 |       0 |      69 |   0.0 |       0 |      16 |   0.0 |  1074
           D:3 |       0 |      13 |   0.0 |       0 |       6 |   0.0 |   192
               +---------+---------+-------+---------+---------+-------+---------
